 Dungeon Crawl Stone Soup version 0.31-a0-435-g2c6fae2916 (webtiles) character file.

Game seed: 10931186607019900277

7763 Dittersdorf the Blocker (level 11, -3/72 HPs)
             Began as a Gargoyle Fighter on Aug 1, 2023.
             Was a High Priest of Okawaru.
             Killed from afar by a deep elf pyromancer (6 damage)
             ... with a bolt of fire
             ... on level 10 of the Dungeon.
             The game lasted 00:15:00 (9356 turns).

Dittersdorf the Blocker (Gargoyle Fighter)          Turns: 9356, Time: 00:15:01

Health: -3/72      AC: 38    Str: 24    XL:     11   Next: 20%
Magic:  10/11      EV: 12    Int:  9    God:    Okawaru [*****.]
Gold:   643        SH:  7    Dex:  9    Spells: 10/10 levels left

rFire   . . .        o - +4 flail
rCold   . . .        c - +1 buckler
rNeg    + . .        L - +8 plate armour of Ugiofit {rPois rCorr}
rPois   ∞            h - +0 helmet {SInv}
rElec   +            r - +2 cloak
rCorr   +            a - +0 pair of gloves
SInv    +            g - +0 pair of boots
Will    .....        K - amulet of regeneration Stlth
                     A - +5 ring of evasion
HPRegen 1.12/turn    x - ring of resist corrosion
MPRegen 0.12/turn

%: no passive effects
@: no status effects
A: sickness immunity, AC +8, negative energy resistance 1, electricity
resistance, torment resistance 1, petrification resistance
a: Renounce Religion, Heroism, Finesse, Duel


You were on level 10 of the Dungeon.
You worshipped Okawaru.
Okawaru was extremely pleased with you.
You visited 2 branches of the dungeon, and saw 12 of its levels.

You collected 915 gold pieces.
You spent 272 gold pieces at shops.

Inventory:

Hand Weapons
 o - a +4 flail (weapon)
 u - the +8 sling "Erusu" {speed, Int-4 Dex+7}
   (You found it on level 5 of the Dungeon)

   Int:       It affects your intelligence (-4).
   Dex:       It affects your dexterity (+7).
Missiles
 H - a curare-tipped dart (quivered)
Armour
 a - a +0 pair of gloves (worn)
 c - a +1 buckler (worn)
 g - a +0 pair of boots (worn)
 h - a +0 helmet of see invisible (worn)
 r - a +2 cloak (worn)
 L - the +8 plate armour of Ugiofit (worn) {rPois rCorr}
   (Okawaru gifted it to you on level 10 of the Dungeon)

   rPois:     It protects you from poison.
   rCorr:     It protects you from acid and corrosion.
Magical Staves
 q - a staff of earth
Jewellery
 m - a ring of wizardry
 x - a ring of resist corrosion (right hand)
 y - a ring of positive energy
 z - a ring of willpower
 A - a +5 ring of evasion (left hand)
 K - an amulet of regeneration (around neck)
Wands
 i - a wand of flame (28)
 s - a wand of iceblast (12)
Scrolls
 b - a scroll of fog {unknown}
 e - 3 scrolls of teleportation
 j - 2 scrolls of enchant weapon
 p - 2 scrolls of blinking
 t - 2 scrolls of fear
 w - a scroll of brand weapon
 D - 3 scrolls of immolation {unknown}
 E - a scroll of enchant armour
 G - 2 scrolls of poison {unknown}
 I - a scroll of silence {unknown}
Potions
 d - a potion of might
 f - 3 potions of mutation
 k - 5 potions of curing
 l - a potion of cancellation
 n - a potion of brilliance
 B - 2 potions of heal wounds
 C - 2 potions of haste {unknown}
 F - a potion of invisibility
 J - a potion of enlightenment


   Skills:
 + Level 9.9 Fighting
 + Level 8.8 Maces & Flails
 + Level 9.9 Armour
 + Level 10.0 Shields


You had 10 spell levels left.
You didn't know any spells.
Your spell library contained the following spells:

 Spells                   Type           Power      Damage    Failure   Level
 Ensorcelled Hibernation  Hex/Ice        0%         N/A       100%        2
 Wereblood                Tmut           0%         N/A       100%        2
 Anguish                  Hex/Necr       0%         N/A       100%        4
 Cause Fear               Hex            0%         N/A       100%        4
 Petrify                  Tmut/Erth      0%         N/A       100%        4
 Fireball                 Conj/Fire      0%         3d3       100%        5
 Irradiate                Conj/Tmut      0%         3d11      100%        5
 Sublimation of Blood     Necr           Unusable   N/A       N/A         2
 Summon Hydra             Summ           Unusable   N/A       N/A         7
 Dragon's Call            Summ           Unusable   N/A       N/A         9

Dungeon Overview and Level Annotations

Branches:
Dungeon (11/15)            Temple (1/1) D:6             Orc (0/2) D:10
   Lair: D:8-11

Altars:
Ashenzari
Cheibriados
Dithmenos
Elyvilon
Fedhas
Gozag
Hepliaklqana
Kikubaaqudgha
Makhleb
Nemelex Xobeh
Okawaru
Qazlal
Ru
Sif Muna
Trog
Uskayaw
Vehumet
Wu Jian
Xom
Yredelemnul
Zin
The Shining One

Shops:
D:1 (   D:4 =[?(:   D:5 *


Innate Abilities, Weirdness & Mutations

You are immune to sickness and miasma.
Your stone body is resilient. (AC +8)
You are immune to poison.
You resist negative energy. (rN+)
You are resistant to electric shocks. (rElec)
You are resistant to unholy torment.
You are immune to petrification.


Message History

You bludgeon the fire elemental!!
You destroy the fire elemental!
The fire elemental disappears in a puff of smoke!
Throw: 2 darts (curare)
Press: ? - help, Q - select action, (/) - cycle Shift-Dir - straight line, f - deep elf pyromancer
Aim: a deep elf pyromancer, wielding a +0 short sword (53% to hit)
You throw a curare-tipped dart.
The curare-tipped dart hits the deep elf pyromancer.
The deep elf pyromancer is poisoned.
The deep elf pyromancer convulses.
The deep elf pyromancer seems to slow down.
The deep elf pyromancer is lightly wounded.
You sock the deep elf pyromancer!
The deep elf pyromancer is heavily wounded.
You closely miss the deep elf pyromancer.
The deep elf pyromancer is heavily wounded.
The deep elf pyromancer points at you and mumbles some strange words.
The sticky flame hits you!
You are covered in liquid flames!
* * * LOW HITPOINT WARNING * * *
You barely miss the deep elf pyromancer.
The deep elf pyromancer is heavily wounded.
You are covered in liquid flames!
* * * LOW HITPOINT WARNING * * *
You hit the deep elf pyromancer.
The deep elf pyromancer is heavily wounded.
You are covered in liquid flames!
* * * LOW HITPOINT WARNING * * *
The deep elf pyromancer hits you but does no damage.
You completely miss the deep elf pyromancer.
The deep elf pyromancer is heavily wounded.
You are covered in liquid flames!
* * * LOW HITPOINT WARNING * * *
You feel like a meek peon again.
You closely miss the deep elf pyromancer.
The deep elf pyromancer is heavily wounded.
You are covered in liquid flames!
* * * LOW HITPOINT WARNING * * *
The deep elf pyromancer casts a spell at you.
The bolt of fire hits you.
You die...

.# #.........#.###.####.....#
.# #....##......##...####.###
.#####.#####...........###.#
.....#..................##.#
.P.....#####............##.#
_.....## #.............##.#
P......# #.#...(.°....###.#
.......####.##..e##○..###.>#
#..##...##..####@###°## #e.#
#..###.....## ##.# #.# #..#
........#..# #..# #○## #..#
........#..####.####..###..#
.....[..#........<###..○°..##
........#.........###.......##
........#.........##.........#
........#.###.#.####.....e...#
..........<#..#.## #......<..#


You could see a deep elf pyromancer (poisoned, slow).

Vanquished Creatures
  2 two-headed ogres (D:9)
  A kobold demonologist (D:10)
  2 polar bears
  Sigmund (D:2)
  4 yaks (D:10)
  3 wyverns (D:9)
  An acid dragon (D:9)
  A water moccasin (D:7)
  An ice beast (D:5)
  7 orc warriors
  A black bear (D:6)
  6 ogres
  4 centaurs
  2 phantoms (D:4)
  2 kobold brigands (D:8)
  A gnoll sergeant (D:7)
  4 bullfrogs
  5 scorpions
  3 wights
  10 killer bees
  2 howler monkeys (D:10)
  Crazy Yiuf (D:3)
  5 gnoll boudas
  7 hounds
  3 jellies
  2 orc priests (D:9)
  Ijyb (D:4)
  2 iguanas
  8 orc wizards
  27 gnolls
  7 adders
  2 white imps
  An ufetubus (D:5)
  3 worms
  2 dart slugs
  37 orcs
  11 ball pythons
  6 endoplasms
  A giant cockroach (D:4)
  10 goblins
  6 hobgoblins
  18 kobolds
  6 quokkas
  6 frilled lizards
  4 rats
239 creatures vanquished.

Notes
Turn   | Place    | Note
-------+----------+-------------------------------------------
     0 | D:1      | Dittersdorf the Gargoyle Fighter began the quest for the
                  | Orb.
     0 | D:1      | Reached XP level 1. HP: 14/14 MP: 1/1
    43 | D:1      | Reached XP level 2. HP: 18/19 MP: 2/2
   239 | D:1      | Reached XP level 3. HP: 19/24 MP: 3/3
   415 | D:1      | Found Yciysch's Weapon Emporium.
  1031 | D:2      | Noticed Sigmund
  1038 | D:2      | Killed Sigmund
  1039 | D:2      | Reached skill level 4 in Shields
  1039 | D:2      | Reached XP level 4. HP: 24/30 MP: 4/4
  1039 | D:2      | Reached XP level 5. HP: 27/34 MP: 5/5
  1248 | D:2      | Found an opulent altar of Gozag.
  1472 | D:2      | Reached XP level 6. HP: 39/39 MP: 6/6
  2818 | D:3      | Found a runed translucent door.
  2819 | D:3      | Noticed Crazy Yiuf
  2881 | D:3      | Killed Crazy Yiuf
  3145 | D:4      | Found Itip's Magic Scroll Shoppe.
  3155 | D:4      | Reached skill level 5 in Armour
  3163 | D:4      | Found Zoacs's Jewellery Shoppe.
  3165 | D:4      | Found Seryic's Weapon Shoppe.
  3165 | D:4      | Found Nesk's Armour Shoppe.
  3177 | D:4      | Bought a +0 helmet of see invisible for 149 gold pieces
  3226 | D:4      | Noticed Ijyb
  3243 | D:4      | Killed Ijyb
  3244 | D:4      | Reached skill level 5 in Shields
  3257 | D:4      | Reached XP level 7. HP: 44/44 MP: 7/7
  3267 | D:4      | Reached skill level 5 in Fighting
  3309 | D:4      | Found Asaps's Tremendous Tomes.
  3712 | D:4      | Found a shadowy altar of Dithmenos.
  3791 | D:4      | Found a shimmering altar of Xom.
  3858 | D:5      | Entered Level 5 of the Dungeon
  3931 | D:5      | Reached XP level 8. HP: 40/51 MP: 8/8
  4084 | D:5      | Found a basalt altar of Yredelemnul.
  4086 | D:5      | Identified the +8 sling "Erusu" {speed, Int-4 Dex+7}
  4164 | D:5      | Found Xane's General Store.
  4195 | D:5      | Bought a scroll of brand weapon for 123 gold pieces
  4268 | D:5      | Reached skill level 5 in Maces & Flails
  4268 | D:5      | Reached skill level 6 in Shields
  4396 | D:5      | Found a white marble altar of Elyvilon.
  4721 | D:6      | Found a staircase to the Ecumenical Temple.
  4728 | Temple   | Entered the Ecumenical Temple
  4741 | Temple   | Became a worshipper of Warmaster Okawaru
  5098 | D:6      | Reached * piety under Okawaru
  5234 | D:6      | Reached XP level 9. HP: 41/56 MP: 9/9
  5321 | D:6      | Reached skill level 7 in Shields
  5714 | D:7      | Reached ** piety under Okawaru
  6479 | D:6      | Reached skill level 8 in Shields
  6688 | D:7      | Reached *** piety under Okawaru
  6987 | D:8      | Reached XP level 10. HP: 64/64 MP: 10/10
  8223 | D:9      | Noticed a two-headed ogre
  8235 | D:9      | Killed a two-headed ogre
  8235 | D:9      | Reached **** piety under Okawaru
  8247 | D:9      | Noticed a two-headed ogre
  8256 | D:9      | Killed a two-headed ogre
  8257 | D:9      | Reached skill level 9 in Shields
  8318 | D:9      | Found a snail-covered altar of Cheibriados.
  8433 | D:9      | Reached ***** piety under Okawaru
  8535 | D:9      | Found a stormy altar of Qazlal.
  8555 | D:10     | Entered Level 10 of the Dungeon
  8640 | D:9      | Reached XP level 11. HP: 57/71 MP: 11/11
  8771 | D:10     | Found a bloodstained altar of Trog.
  8780 | D:10     | Found a staircase to the Orcish Mines.
  8805 | D:10     | Noticed a sun demon
  8953 | D:10     | Identified the +8 plate armour of Ugiofit {rPois rCorr}
                  | (Okawaru gifted it to you on level 10 of the Dungeon)
  8953 | D:10     | Received a gift from Okawaru
  8968 | D:10     | Reached skill level 10 in Shields
  9273 | D:11     | Noticed a deep elf pyromancer
  9355 | D:10     | HP: 3/72 [burnt (2)]
  9356 | D:10     | Killed from afar by a deep elf pyromancer

Illustrated notes

Levels and vault maps discovered:
D:1:      ldierk_walled_garden, layout_basic, serial_shops,
          nicolae_shop_hallway_plus, dreamdust_wishing_well
D:2:      layout_basic, basic_altar, minmay_indecisive_spiral, uniq_sigmund
D:3:      layout_loops_ring, uniq_crazy_yiuf_cottage
D:4:      layout_basic, mainiacjoe_overflow_tiny_flanked, xom_teletrap_fun,
          minmay_shop_grid_forest, minivault_27, nicolae_shop_i_like_big_books,
          uniq_ijyb
D:5:      layout_basic, pf_just_have_faith, amcnicky_altar_gilded, serial_shops,
          nicolae_diamond_shop
D:6:      layout_basic, minmay_temple_entry_purple_smoke
D:7:      kennysheep_seaside_town, layout_rooms
D:8:      layout_cave_pools
D:9:      layout_loops_cross, kennysheep_mini_moat,
          mainiacjoe_overflow_24_doors, nicolae_underground_beach
D:10:     layout_rooms, trog_ov_bears_minmay, orc_0_dummy
D:11:     layout_basic, lair_entry_dummy, chequers_serial_rivers_micro_e,
          chei_slow_surprise
Temple:   nicolae_temple_superstar

Skill      XL: |  1  2  3  4  5  6  7  8  9 10 11 |
---------------+----------------------------------+-----
Fighting       | 4 5 6 8 9 |  9.9
Maces & Flails | 3 4 5 7 8 |  8.8
Armour         | 4 5 6 8 9 |  9.9
Shields        | 4 5 6 8 9 10 | 10.0

Action                     |  1- 3 |  4- 6 |  7- 9 | 10-12 || total
---------------------------+-------+-------+-------+-------++-------
  Melee: Flail             |    88 |   132 |   430 |   373 ||  1023
  Throw: Dart              |       |       |       |     1 ||     1
 Invoke: Heroism           |       |       |       |     2 ||     2
    Use: Scroll            |       |     8 |     4 |     4 ||    16
 Armour: Scale mail        |    40 |    45 |       |       ||    85
         Chain mail        |       |    22 |    85 |       ||   107
         Ring mail         |       |       |   172 |   254 ||   426
         Plate armour      |       |       |       |    60 ||    60
  Dodge: Dodged            |    46 |    51 |   355 |   336 ||   788
  Block: Buckler           |    18 |    36 |   203 |   198 ||   455

Table legend: (Time is in decaauts)
 A = Elapsed time spent in this place.
 B = Non-inter-level travel time spent in this place.
 C = Inter-level travel time spent in this place.
 D = Time resting spent in this place.
 E = Time spent auto-exploring this place.
 F = Levels seen in this place.
 G = Mean time per level.
                   A        B        C        D        E       F      G
               +--------+--------+--------+--------+--------+-----+--------+
         Total |   9483 |   8986 |    497 |    847 |   5887 |  12 |  790.2 |
       Dungeon |   9457 |   8984 |    473 |    847 |   5887 |  11 |  859.7 |
        Temple |     26 |      2 |     24 |      0 |      0 |   1 |   26.0 |
               +--------+--------+--------+--------+--------+-----+--------+

Top non-repeatable levels by time:
     D:6: 1211 daAuts
     D:7: 1208 daAuts
     D:2: 1122 daAuts
     D:1: 1052 daAuts
     D:9: 1001 daAuts
     D:3: 991 daAuts
     D:5: 837 daAuts
     D:4: 785 daAuts
    D:10: 662 daAuts
     D:8: 567 daAuts
  Temple: 26 daAuts
    D:11: 16 daAuts
